 Dungeon Crawl Stone Soup version 0.32-a0-720-g1d96ad090f (webtiles) character file.

Game seed: 15106424440308363249

16 Ajdolov the Shooter (level 2, -2/24 HPs)
             Began as a Ghoul Hunter on Mar 16, 2024.
             Slain by a quokka (3 damage)
             ... on level 1 of the Dungeon.
             The game lasted 00:00:39 (209 turns).

Ajdolov the Shooter (Ghoul Hunter)                   Turns: 209, Time: 00:00:39

Health: -2/24      AC:  4    Str: 14    XL:     2   Next: 54%
Magic:  2/2        EV: 10    Int:  8    God:
Gold:   9          SH:  0    Dex: 12    Spells: 1/1 levels left

rFire   . . .        a - +0 shortbow
rCold   + . .        (shield currently unavailable)
rNeg    + + +        c - +0 leather armour
rPois   ∞            (no helmet)
rElec   .            (no cloak)
rCorr   .            (no gloves)
SInv    .            d - +0 pair of boots
Will    .....        (no amulet)
Stlth   +            (no ring)
HPRegen 0.00/turn    (no ring)
MPRegen 0.08/turn

%: no passive effects
@: inhibited regen
A: claws 1, cold resistance 1, negative energy resistance 3, inhibited
regeneration, torment resistance 2, devour on kill
a: no special abilities


You were on level 1 of the Dungeon.
You visited 1 branch of the dungeon, and saw 1 of its levels.

You collected 9 gold pieces.

Inventory:

Hand Weapons
 a - a +0 shortbow (weapon)
Armour
 c - a +0 leather armour (worn)
 d - a +0 pair of boots (worn)
Scrolls
 b - a scroll of butterflies
Potions
 e - a potion of degeneration {unknown}
 f - a potion of mutation {unknown}
 g - a potion of berserk rage {unknown}
 h - a potion of ambrosia {unknown}


   Skills:
 - Level 2.1 Fighting
 * Level 4.2 Ranged Weapons
 - Level 1.7 Dodging
 - Level 1.1 Stealth


You had one spell level left.
You didn't know any spells.
Your spell library contained the following spells:

 Spells                   Type           Power      Damage    Failure   Level
 Foxfire                  Conj/Fire      0%         2x1d4     50%         1
 Plasma Beam              Fire/Air       0%         2x1d10    100%        6
 Starburst                Conj/Fire      0%         6d3       100%        6


Dungeon Overview and Level Annotations

Branches:
Dungeon (1/15)

Altars:


Innate Abilities, Weirdness & Mutations

You are immune to poison.
You have sharp fingernails.
Your flesh is cold resistant. (rC+)
You are immune to negative energy. (rN+++)
You do not regenerate when monsters are visible.
You are immune to unholy pain and torment.
You thrive by killing the living.


Message History

You shoot an arrow. The arrow barely misses the quokka.
The arrow hits the goblin.
You kill the goblin!
The ball python bites you but does no damage.
The ball python barely misses you. The quokka bites you.
You shoot an arrow. The arrow closely misses the quokka.
The ball python bites you but does no damage.
The ball python grabs you. The ball python constricts you.
The quokka bites you.
The ball python bites you but does no damage.
The ball python constricts you. The quokka bites you.
You shoot an arrow. The arrow hits the ball python.
The ball python is severely wounded.
The ball python bites you. The ball python constricts you.
A quokka comes into view.
The quokka bites you.
The ball python's grasp on you weakens, but your attempt to escape fails.
The ball python bites you. The ball python constricts you.
The quokka bites you but does no damage.
The ball python bites you but does no damage.
The ball python constricts you.
The ball python's grasp on you weakens, but your attempt to escape fails.
A ball python comes into view.
The quokka bites you.
* * * LOW HITPOINT WARNING * * *
The ball python bites you but does no damage.
The ball python constricts you.
* * * LOW HITPOINT WARNING * * *
The quokka bites you but does no damage.
You escape the ball python's grasp.
The quokka twitches its whiskers.
The quokka attacks as it pursues you! The quokka closely misses you.
You see here a +0 dagger.
The hobgoblin attacks as it pursues you!
The hobgoblin hits you.
* * * LOW HITPOINT WARNING * * *
The quokka attacks as it pursues you! The quokka bites you.
* * * LOW HITPOINT WARNING * * *
The quokka attacks as it pursues you! The quokka bites you.
You die...

##)... ... ....#...
.....###.# .# ....≈...
#.......##.# ..[.≈.⌠<
#..........# ....≈...
#.)......#.# ....#...
##...r....... ... ##≈≈
###....)S...... #####...
......rg..#.... #......#
.##....@..# ##.##.......
#.###.### #..........
##.##†.# ###..†......
####.....## #.......##.#
#....#.########..###..##..
##....#.####..>.).#
##[###.
#..............#### #..##.
#..........##### ####.#
#........### ##.


You could see 2 quokkas, a hobgoblin and a ball python.

Vanquished Creatures
  A bat (D:1)
  An endoplasm (D:1)
  3 goblins (D:1)
  2 hobgoblins (D:1)
  A jackal (D:1)
  A quokka (D:1)
  A ball python (D:1)
  A frilled lizard (D:1)
  A kobold (D:1)
  2 rats (D:1)
14 creatures vanquished.

Notes
Turn   | Place    | Note
-------+----------+-------------------------------------------
     0 | D:1      | Ajdolov the Ghoul Hunter began the quest for the Orb.
     0 | D:1      | Reached XP level 1. HP: 17/17 MP: 1/1
    93 | D:1      | Found a faded altar of an unknown god.
   118 | D:1      | Reached skill level 4 in Ranged Weapons
   118 | D:1      | Reached XP level 2. HP: 24/24 MP: 2/2
   208 | D:1      | HP: 1/24 [quokka (2)]
   209 | D:1      | Slain by a quokka

Illustrated notes

Levels and vault maps discovered:
D:1:      dpeg_arrival_rooms_with_view, layout_rooms,
          chequers_ecumenical_altar_twisty

Skill      XL: |  1 |
---------------+----+-----
Ranged Weapons | 4 |  4.2
Fighting       | |  2.1
Dodging        | |  1.7
Stealth        | |  1.1

Action                     || total
---------------------------++-------
   Fire: Shortbow          ||    47
 Armour: Leather armour    ||    42
  Dodge: Dodged            ||    14

Table legend: (Time is in decaauts)
 A = Elapsed time spent in this place.
 B = Non-inter-level travel time spent in this place.
 C = Inter-level travel time spent in this place.
 D = Time resting spent in this place.
 E = Time spent auto-exploring this place.
 F = Levels seen in this place.
 G = Mean time per level.
                   A        B        C        D        E       F      G
               +--------+--------+--------+--------+--------+-----+--------+
         Total |    219 |    219 |      0 |      0 |    122 |   1 |  219.0 |
       Dungeon |    219 |    219 |      0 |      0 |    122 |   1 |  219.0 |
               +--------+--------+--------+--------+--------+-----+--------+

Top non-repeatable levels by time:
     D:1: 219 daAuts
